 Dungeon Sprint DCSS version 0.23-a0-143-g1adec7b (webtiles) character file.

825 Faca the Fighter (level 7, -5/81 HPs)
             Began as a Minotaur Fighter on Aug 31, 2018.
             Was an Initiate of Makhleb.
             Slain by an orange demon (6 damage)
             ... summoned by a kobold demonologist
             ... in the Dungeon (Sprint I: "Red Sonja").
             The game lasted 00:01:11 (578 turns).

Faca the Fighter (Minotaur Fighter)                  Turns: 578, Time: 00:01:12

Health: -5/81      AC:  6    Str: 23    XL:     7   Next: 64%
Magic:  6/6        EV:  7    Int:  5    God:    Makhleb [......]
Gold:   270        SH:  9    Dex:  9    Spells: 6/6 levels left

rFire    . . .     SeeInvis .   a - +0 war axe
rCold    . . .     Gourm    .   c - +0 shield
rNeg     . . .     Faith    .   b - +0 scale mail
rPois    .         Spirit   .   (helmet restricted)
rElec    .         Reflect  .   (no cloak)
rCorr    .         Harm     .   (no gloves)
MR       .....     NoTele   +   (no boots)
Stlth    ..........             (no amulet)
HPRegen  0.23/turn              (no ring)
MPRegen  0.10/turn              (no ring)

@: lethally poisoned (-5 -> -10)
A: retaliatory headbutt, horns 2
a: Renounce Religion


You were in the Dungeon.
You worshipped Makhleb.
Makhleb was noncommittal.
You were not hungry.

You visited 1 branch You collected 270 gold pieces.

Inventory:

Hand Weapons
 a - a +0 war axe (weapon)
Armour
 b - a +0 scale mail (worn)
 c - a +0 shield (worn)
Wands
 l - a wand of random effects (25)
Scrolls
 k - a scroll of blinking
Potions
 d - a potion of might
 e - a potion of curing
 g - a potion of heal wounds
 h - a potion of haste
 i - 2 potions of magic
 j - a potion of berserk rage
 m - a potion of degeneration {unknown}
Comestibles
 f - a ration


   Skills:
 + Level 14.0 Fighting
 + Level 13.8 Axes
 - Level 3.6 Armour
 - Level 3.6 Shields


You had 6 spell levels left.
You didn't know any spells.
Your spell library was empty.

Dungeon Overview and Level Annotations

Branches:
Dungeon (1/1)

Altars:
Makhleb
Xom
Jiyva
Lugonu


Innate Abilities, Weirdness & Mutations

You reflexively headbutt those who attack you in melee.
You have a pair of horns on your head.


Message History

You slash the kobold demonologist!
Your headbutt misses the kobold demonologist.
The kobold demonologist is moderately wounded.
You slash the orange demon!
You feel sick.
The kobold demonologist closely misses you.
You furiously retaliate!
You headbutt the kobold demonologist. The orange demon stings you.
* * * LOW HITPOINT WARNING * * *
The orange demon hits you but does no damage.
The orange demon stings you from afar!
* * * LOW HITPOINT WARNING * * *
You hit the kobold demonologist but do no damage.
The kobold demonologist is moderately wounded.
Your scale mail prevents you from hitting the orange demon.
The orange demon closely misses you. You furiously retaliate!
You headbutt the orange demon!
You kill the orange demon!
You block the kobold demonologist's attack.
The orange demon stings you from afar.
You die...

#####################
.').#..'..#__#..@)§§#
.#..').#..'..'..#K4§#
###'#####+#__####§.§+
#..# #### #### ####


You could see an orange demon and a kobold demonologist.

Vanquished Creatures
  A kobold demonologist (D)
  A slime creature (D)
  Sigmund (D)
  A floating eye (D)
  An ogre (D)
  Ijyb (D)
6 creatures vanquished.

Notes
Turn   | Place    | Note
-------+----------+-------------------------------------------
     0 | D        | Faca the Minotaur Fighter began the quest for the Orb.
     0 | D        | Reached XP level 1. HP: 19/19 MP: 0/0
     1 | D        | Noticed Ijyb
    10 | D        | Killed Ijyb
    10 | D        | Reached skill level 6 in Fighting
    10 | D        | Reached skill level 5 in Axes
    10 | D        | Reached XP level 2. HP: 20/30 MP: 1/1
   110 | D        | Noticed an ogre
   115 | D        | Killed an ogre
   115 | D        | Reached skill level 8 in Fighting
   115 | D        | Reached XP level 3. HP: 34/41 MP: 2/2
   115 | D        | Reached XP level 4. HP: 40/49 MP: 3/3
   177 | D        | Noticed Sigmund
   184 | D        | Killed Sigmund
   184 | D        | Reached skill level 11 in Fighting
   184 | D        | Reached skill level 10 in Axes
   184 | D        | Reached XP level 5. HP: 40/60 MP: 4/4
   184 | D        | Reached XP level 6. HP: 45/68 MP: 5/5
   304 | D        | Found a burning altar of Makhleb.
   304 | D        | Found a viscous altar of Jiyva.
   304 | D        | Found a shimmering altar of Xom.
   304 | D        | Found a corrupted altar of Lugonu.
   304 | D        | Noticed a slime creature
   317 | D        | Killed a slime creature
   317 | D        | Reached skill level 12 in Fighting
   548 | D        | Became a worshipper of Makhleb the Destroyer
   561 | D        | Noticed a kobold demonologist
   562 | D        | Noticed an orange demon
   562 | D        | Noticed a floating eye
   562 | D        | Noticed a kobold demonologist
   563 | D        | Noticed a ynoxinul
   563 | D        | Paralysed by a floating eye for 4 turns
   564 | D        | Noticed a hellwing
   569 | D        | Killed a floating eye
   569 | D        | Reached skill level 13 in Fighting
   569 | D        | Reached XP level 7. HP: 34/79 MP: 6/6
   572 | D        | Killed a kobold demonologist
   572 | D        | Reached skill level 14 in Fighting
   573 | D        | Noticed an orange demon
   577 | D        | HP: 1/81 [orange demon[a kobold demonologist] (7)]
   578 | D        | Slain by an orange demon

Vault maps used:
D:        dungeon_sprint_1

Skill      XL: |  1  2  3  4  5  6  7 |
---------------+----------------------+-----
Fighting       | 6 8 11 13 14 | 14.0
Axes           | 5 8 10 12 13 | 13.8
Armour         | |  3.6
Shields        | |  3.6

Action                   |  1- 3 |  4- 6 |  7- 9 || total
-------------------------+-------+-------+-------++-------
Melee: War axe           |    13 |    19 |     9 ||    41
       Headbutt          |     4 |     6 |       ||    10
Armor: Scale mail        |     5 |     8 |     7 ||    20
Dodge: Dodged            |     4 |     2 |    14 ||    20
Block: Shield            |     4 |     6 |     9 ||    19

Table legend:
 A = Non-vault XP
 B = Vault XP
 C = Vault XP percentage of total XP
 D = Non-vault monster count
 E = Vault monster count
 F = Vault count percentage of total count
                 A         B        C        D         E       F
            +---------+---------+-------+---------+---------+-------
      Total |       0 |    1179 | 100.0 |       0 |       6 | 100.0
            +---------+---------+-------+---------+---------+-------
          D |       0 |    1179 | 100.0 |       0 |       6 | 100.0
            +---------+---------+-------+---------+---------+-------
